 Dungeon Crawl Stone Soup version 0.32-a0-612-g1c984fe9d1 (webtiles) character file.

Game seed: 7993901378808953813

3068 sanka the Arsonist (level 9, -8/68 HPs)
             Began as a Mountain Dwarf Fire Elementalist on Mar 4, 2024.
             Was a Follower of Vehumet.
             Engulfed by a cloud of flame (13 damage)
             ... on level 7 of the Dungeon.
             The game lasted 00:23:07 (10852 turns).

sanka the Arsonist (MDFE)                          Turns: 10852, Time: 00:23:08

Health: -8/68      AC:  8    Str: 22    XL:     9   Next: 58%
Magic:  15/15      EV: 11    Int: 17    God:    Vehumet [*.....]
Gold:   470        SH:  0    Dex: 10    Spells: 9/16 levels left

rFire   . . .        o - +2 sling (flame)
rCold   x . .        (no shield)
rNeg    . . .        c - +0 ring mail
rPois   .            (no helmet)
rElec   +            (no cloak)
rCorr   .            w - +0 pair of gloves
SInv    .            F - +1 pair of boots of Proximity {rElec rC- Str+8}
Will    .....        (no amulet)
Stlth   +            (no ring)
HPRegen 0.31/turn    e - ring of flight
MPRegen 0.14/turn

%: no passive effects
@: flying
A: runic magic, artefact enchanting
a: Renounce Religion


You were on level 7 of the Dungeon.
You worshipped Vehumet.
Vehumet was aware of your devotion.
You visited 2 branches of the dungeon, and saw 8 of its levels.

You collected 470 gold pieces.


Innate Abilities, Weirdness & Mutations

Your spellcasting is much less encumbered by armour.
You can use scrolls of enchantment on lesser artefacts.


   Skills:
 + Level 2.7 Fighting
 + Level 1.9 Armour
 - Level 1.3 Dodging
 - Level 1.4 Stealth
 - Level 4.0 Spellcasting
 - Level 8.0 Conjurations
 - Level 11.0 Fire Magic


You had 9 spell levels left.
You knew the following spells:

 Your Spells              Type           Power      Damage    Failure   Level
i - Flame Wave            Conj/Fire      35%        2d10      3%          4
u - Scorch                Fire           80%        2d8       1%          2
y - Foxfire               Conj/Fire      100%       2x1d9     1%          1

Your spell library contained the following spells:

 Spells                   Type           Power      Damage    Failure   Level
 Sting                    Conj/Alch      68%        1d7       3%          1
 Inner Flame              Hex/Fire       22%        N/A       5%          3
 Volatile Blastmotes      Fire/Tloc      44%        2d13      5%          3
 Hailstorm                Conj/Ice       17%        3d6       10%         3
 Stone Arrow              Conj/Erth      34%        3d9       10%         3
 Sandblast                Erth           6%         2d5       17%         1
 Mephitic Cloud           Conj/Alch/Air  12%        N/A       19%         3
 Ensorcelled Hibernation  Hex/Ice        6%         N/A       26%         2
 Mercury Vapours          Alch/Air       6%         N/A       26%         2
 Brom's Barrelling Bould  Conj/Erth      17%        2d4       32%         4
 Fugue of the Fallen      Necr           3%         N/A       45%         3
 Passwall                 Erth           3%         N/A       45%         3
 Summon Ice Beast         Ice/Summ       3%         N/A       45%         3
 Anguish                  Hex/Necr       1%         N/A       86%         4
 Freezing Cloud           Conj/Ice/Air   6%         6-21      86%         5
 Sculpt Simulacrum        Ice/Alch       1%         N/A       100%        6
 Haunt                    Necr/Summ      1%         N/A       100%        7
 Borgnjor's Revivificati  Necr           1%         N/A       100%        8
 Death's Door             Necr           1%         N/A       100%        9

Inventory:

Hand Weapons
 h - a +0 short sword
 o - a +2 sling of flaming (weapon)
 r - a +0 quarterstaff
 v - a +0 morningstar
 x - a +1 dagger of venom
 y - a +2 halberd of venom
Missiles
 A - 2 throwing nets {=f}
Armour
 a - a +0 robe
 c - a +0 ring mail (worn)
 n - the +1 helmet "Houref" {Harm rC+ Stlth-} rC+: It protects you from cold. Harm: It increases damage dealt and taken. Stlth-: It makes you less stealthy.
 w - a +0 pair of gloves (worn)
 F - the +1 pair of boots of Proximity (worn) {rElec rC- Str+8}

   Str+8:     It affects your strength (+8).
   rC-:       It makes you vulnerable to cold.
   rElec:     It insulates you from electricity.
 H - a scarf of harm
Jewellery
 e - a ring of flight (right hand)
 f - a ring of ice
Wands
 B - a wand of warping (10)
 G - a wand of charming (10)
Scrolls
 i - 2 scrolls of fog {unknown}
 j - 2 scrolls of vulnerability {unknown}
 k - a scroll of enchant armour {unknown}
 l - 3 scrolls of teleportation {unknown}
 m - 4 scrolls of poison {unknown}
 q - 3 scrolls of revelation {unknown}
 s - a scroll of fear {unknown}
 t - 4 scrolls of identify {unknown}
 z - a scroll of brand weapon {unknown}
 C - a scroll of blinking {unknown}
 D - a scroll of immolation {unknown}
 J - 3 scrolls of noise {unknown}
Potions
 b - a potion of magic
 d - a potion of enlightenment {unknown}
 g - a potion of degeneration {unknown}
 p - 2 potions of might {unknown}
 u - 5 potions of curing {@q1}
 E - a potion of heal wounds {unknown}
 I - a potion of mutation {unknown}

Dungeon Overview and Level Annotations

Branches:
Dungeon (7/15)             Temple (1/1) D:5

Altars:
Ashenzari
Cheibriados
Fedhas
Gozag
Hepliaklqana
Kikubaaqudgha
Qazlal
Ru
Sif Muna
Trog
Uskayaw
Vehumet
Wu Jian
Xom
Zin

Shops:
D:5 :(([*[ D:7

( ▒.▒ ▒.▒▒▒▒▒...........▒
▒.... ▒.▒
▒.▒▒.....(▒▒......▒ ▒.▒'▒
..▒
▒.▒.▒▒▒(...▒▒.....▒▒▒.▒.▒
▒▒▒
▒..▒▒.......▒.+▒▒▒▒.....▒
▒ ▒▒..▒...▒▒...(▒.▒
▒.▒.▒.▒ ▒
▒..†▒.##.▒▒..▒▒.▒ ▒.▒.▒.▒
▒ ▒...(.▒.☼#▒.(...▒
▒.▒.▒.▒ ▒
▒.▒▒..▒▒###.▒...▒▒▒▒.▒.▒.▒
▒
▒.▒(...▒▒g..▒........▒.▒▒▒
▒
▒..▒.......▒▒..▒▒▒▒▒▒▒..(.
▒ ▒..▒▒...(▒▒▒.▒▒▒ ▒▒▒▒▒ ▒
▒▒▒.▒▒(▒▒...▒▒ ▒
▒▒..▒▒▒▒▒▒▒ ▒▒▒▒


There were no monsters in sight!


Message History

You see here a +0 chain mail.
Found 2 stones.
You see here 2 stones.
You see here a stone.
You see here a stone.
You see here a stone.
Found a book of Dreams.
Partly explored, can't reach some items.
Partly explored, can't reach some items.
Search for what [Enter for "harm", or ? for help]? .
You see here a +0 club.
Press: ? - help, v - describe, . - travel, g - get item Item here: a book of Dreams.
The floor.
There is a cloud of flame here.
You finish removing the +1 helmet "Houref" {Harm rC+ Stlth-}.
You see here a +0 club.
You are engulfed in blazing flames.
You are engulfed in blazing flames.
* * * LOW HITPOINT WARNING * * *
You see here a book of Dreams.
You pick up a book of Dreams and begin reading...
You add the spells Ensorcelled Hibernation, Fugue of the Fallen and Anguish to your library.
You are engulfed in blazing flames.
* * * LOW HITPOINT WARNING * * *
It was a potion of curing.
You are engulfed in blazing flames.
* * * LOW HITPOINT WARNING * * *
You are engulfed in blazing flames.
You die...

Action                     |  1- 3 |  4- 6 |  7- 9 || total
---------------------------+-------+-------+-------++-------
  Melee: Short sword       |    22 |     9 |       ||    31
   Fire: Sling             |       |    40 |    29 ||    69
   Cast: Foxfire           |    44 |   114 |   146 ||   304
         Scorch            |     1 |     9 |    17 ||    27
         Flame Wave        |       |       |     4 ||     4
    Use: Potion            |       |       |     1 ||     1
 Armour: Ring mail         |    26 |    44 |    65 ||   135
  Dodge: Dodged            |    16 |    39 |    33 ||    88

Levels and vault maps discovered:
D:1:      enne_arrival_octagon_isle, layout_loops_corners,
          minmay_stone_trees_large
D:2:      layout_basic, uniq_robin, uniq_terence
D:3:      layout_basic, minmay_misc_feat_cross, minmay_shallow_snake_nest
D:4:      layout_basic, mainiacjoe_overflow_concentric_impassable, minivault_11,
          minmay_misc_feat_enclosed, wad_rectangle_vault
D:5:      layout_basic, minmay_temple_entry_hall, serial_shops,
          nicolae_square_shop, nicolae_shop_rolling_square,
          nicolae_shop_window_shopping, shop_statue, nicolae_shop_peninsula,
          nicolae_shop_vocational
D:6:      kennysheep_six_static_rooms, layout_loops_cross, kennysheep_doodads
D:7:      layout_basic, serial_glass, glass_columns_a, glass_columns_b,
          serial_shops, nicolae_shop_tiny_glass,
          nicolae_kite_square_tiling_tiny, bh_circular_ruins,
          uniq_prince_ribbit1, uniq_jeremiah
Temple:   eino_temple_lava

Notes
Turn   | Place    | Note
-------+----------+-------------------------------------------
     0 | D:1      | sanka the Mountain Dwarf Fire Elementalist began the quest
                  | for the Orb.
     0 | D:1      | Reached XP level 1. HP: 14/14 MP: 3/3
    90 | D:1      | Reached skill level 2 in Spellcasting
   178 | D:1      | Reached skill level 1 in Conjurations
   513 | D:1      | Reached XP level 2. HP: 18/20 MP: 0/5
   565 | D:1      | Learned a level 2 spell: Scorch
   660 | D:1      | Reached skill level 4 in Fire Magic
  1446 | D:2      | Reached XP level 3. HP: 24/26 MP: 2/6
  1715 | D:2      | Reached skill level 2 in Conjurations
  1773 | D:2      | Identified the +1 helmet "Houref" {Harm rC+ Stlth-}
  1773 | D:2      | Noticed Robin
  1844 | D:2      | Noticed Terence
  1862 | D:2      | Killed Terence
  1863 | D:2      | Reached XP level 4. HP: 23/33 MP: 0/7
  1948 | D:2      | Reached skill level 5 in Fire Magic
  2741 | D:2      | Killed Robin
  2742 | D:2      | Reached skill level 3 in Conjurations
  2848 | D:3      | Reached XP level 5. HP: 38/38 MP: 6/8
  3700 | D:3      | Reached skill level 6 in Fire Magic
  3999 | D:4      | Reached XP level 6. HP: 38/45 MP: 3/9
  4058 | D:4      | Learned a level 4 spell: Flame Wave
  4136 | D:4      | Reached skill level 4 in Conjurations
  4210 | D:4      | Found a hazy altar of Hepliaklqana.
  5138 | D:4      | Reached skill level 7 in Fire Magic
  5418 | D:4      | Reached XP level 7. HP: 40/50 MP: 3/10
  6013 | D:5      | Entered Level 5 of the Dungeon
  6129 | D:5      | Found Baeh's Weapon Boutique.
  6171 | D:5      | Found a staircase to the Ecumenical Temple.
  6177 | Temple   | Entered the Ecumenical Temple
  6186 | Temple   | Became a worshipper of Vehumet
  6225 | D:5      | Reached skill level 5 in Conjurations
  6770 | D:5      | Found Yjeubrou's General Store.
  6932 | D:5      | Reached skill level 8 in Fire Magic
  7189 | D:5      | Found Rytuekh's Armour Shop.
  7209 | D:5      | Found Pocwux's Armour Boutique.
  7243 | D:5      | Found Liwotorr's Weapon Emporium.
  7555 | D:5      | Found Weemut's Vocational Training.
  7905 | D:6      | Reached XP level 8. HP: 47/57 MP: 2/11
  8035 | D:6      | Reached skill level 6 in Conjurations
  8576 | D:6      | Reached * piety under Vehumet
  8576 | D:6      | Offered knowledge of Sting by Vehumet.
  8612 | D:6      | Reached skill level 9 in Fire Magic
  9115 | D:6      | Identified the +1 pair of boots of Proximity {rElec rC-
                  | Str+8}
  9619 | D:7      | Found Housm's Antique Weapon Boutique.
  9691 | D:7      | Reached skill level 7 in Conjurations
  9804 | D:7      | Noticed Jeremiah
  9813 | D:7      | Killed Jeremiah
  9814 | D:7      | Reached skill level 10 in Fire Magic
  9925 | D:7      | Noticed Prince Ribbit
  9929 | D:7      | Killed Prince Ribbit
  9930 | D:7      | Reached XP level 9. HP: 62/62 MP: 3/13
 10140 | D:7      | Reached skill level 3 in Spellcasting
 10352 | D:7      | Reached skill level 8 in Conjurations
 10352 | D:7      | Reached skill level 11 in Fire Magic
 10364 | D:7      | Reached skill level 4 in Spellcasting
 10364 | D:7      | Reached skill level 1 in Fighting
 10489 | D:7      | Reached skill level 2 in Fighting
 10489 | D:7      | Reached skill level 1 in Armour
 10851 | D:7      | HP: 5/68 [something (17)]
 10852 | D:7      | Engulfed by a cloud of flame

Vanquished Creatures
  Jeremiah (D:7)
  Prince Ribbit (D:7)
  6 yaks
  A water moccasin (D:6)
  2 ogres
  A phantom (D:6)
  A bullfrog (D:7)
  3 scorpions
  2 howler monkeys (D:7)
  3 bombardier beetles
  3 hounds
  A gnoll bouda (D:5)
  An orc priest (D:7)
  4 jellies
  4 iguanas
  Terence (D:2)
  A sleepcap (D:6)
  4 orc wizards
  A human simulacrum (D:7)
  Robin (D:2)
  15 gnolls
  13 adders
  A shadow imp (D:7)
  A white imp (D:6)
  2 ufetubi (D:6)
  3 ribbon worms
  3 dart slugs
  20 orcs
  6 ball pythons
  3 endoplasms
  4 giant cockroaches
  19 goblins
  11 hobgoblins
  4 jackals (D:5)
  5 quokkas
  3 bats
  11 kobolds
  4 rats
170 creatures vanquished.

Vanquished Creatures (others)
  A human simulacrum (D:7)
  532 foxfires
533 creatures vanquished.

Grand Total: 703 creatures vanquished
